cohdb
Replays
Latest Replays
All Replays
Popular Replays
Top Player Replays
Match Explorer
How It Works
Community
CoH3 Stats
Reddit
Sign in to upload your games and track your stats! →
Sign in with Steam
Match 40842952
Unlisted
Match 40842952
Overview
Messages
Build Orders
End
Kradschützen Motorcycle Team
Panzerpioneer Squad
250 Light Carrier
Construct Light Support Kompanie
Assault Grenadier Squad
250 Light Carrier
Assault Grenadier Squad
Fire Support Elements
Flakvierling Half-track
2.5-tonne Medical Truck
Pak 38 Anti-tank Gun Team
Panzerpioneer Squad
Selects Panzerjäger Kommand Battlegroup
Selects Mine Fields
Selects Defensive Positions
Selects Butterfly Bomb Drop
Selects Tank Busters
Construct Panzerarmee Kommand
Butterfly Bomb Drop
Selects Crew Shock Tactics
Forward Retreat Point
Panzergrenadier Squad
Walking Stuka Rocket Launcher
Panzergrenadier Squad
Selects Anti-tank Overwatch
Anti-tank Overwatch
Veteran Squad Leaders
Walking Stuka Rocket Launcher
Walking Stuka Rocket Launcher
Butterfly Bomb Drop
Panzergrenadier Squad
Butterfly Bomb Drop
Armored Reserves
StuG Assault Group
2.5-tonne Medical Truck
cannot compute
nilshousker
BrianSmurf
^8Prof. Mcihael
!!!!!!!!!!!!
MegaMan
0
0
Comments
sign in to comment!
No comments posted yet!